 Dungeon Crawl Stone Soup version 0.18.1-50-g88ac8fd (webtiles) character file.

37 KarmaPolice the Sneak (level 3, -1/24 HPs)
             Began as a Vampire Enchanter on Sept 27, 2016.
             Slain by Ijyb
             ... wielding a +0 club
              (4 damage)
             ... while paralysed by Ijyb
             ... on level 2 of the Dungeon.
             The game lasted 00:03:00 (1668 turns).

KarmaPolice the Sneak (Vampire Enchanter)           Turns: 1668, Time: 00:03:00

Health: -1/24      AC:  3    Str:  8    XL:     3   Next: 21%
Magic:  4/6        EV:  2    Int: 17    God:
Gold:   70         SH:  0    Dex: 14    Spells: 3 memorised, 0 levels left

rFire  . . .     SeeInvis +     a - +1 dagger
rCold  + . .     Gourm    .     b - +1 robe
rNeg   + + .     Faith    .     (no shield)
rPois  +         Spirit   .     (no helmet)
rElec  .         Dismiss  .     (no cloak)
rCorr  .         Reflect  .     (no gloves)
SustAt .         Harm     .     (no boots)
MR     .....                    (no amulet)
Stlth  +++.......               (no ring)
                                (no ring)

@: paralysed, regenerating slowly, not resistant to hostile enchantments, fairly
stealthy
A: fangs 3, see invisible, unbreathing
a: Bat Form


You were on level 2 of the Dungeon.
You were thirsty.

You visited 1 branch of the dungeon, and saw 2 of its levels.

You collected 70 gold pieces.

Inventory:

Hand Weapons
 a - a +1 dagger (weapon)
Armour
 b - a +1 robe (worn)
Jewellery
 k - an uncursed ring of protection from cold {unknown}
Scrolls
 e - 2 scrolls of remove curse {unknown}
 f - 2 scrolls of identify {unknown}
 g - a scroll of blinking {unknown}
 l - a scroll of random uselessness {unknown}
 m - a scroll of teleportation {unknown}
 o - a scroll of magic mapping {unknown}
Potions
 d - 8 potions of blood
 h - a potion of berserk rage {unknown}
 i - a potion of curing {unknown}
 j - 2 potions of magic {unknown}
 n - a potion of brilliance {unknown}
Books
 c - a book of Maledictions

   Spells                             Type                      Level
   a - Corona                         Hexes                        1
   b - Ensorcelled Hibernation        Hexes/Ice                    2
   c - Confuse                        Hexes                        3
   d - Tukima's Dance                 Hexes                        3
   e - Dazzling Spray                 Conjuration/Hexes            3


   Skills:
 + Level 2.1 Short Blades
 - Level 2.1 Dodging
 + Level 5.0 Stealth
 + Level 2.4 Spellcasting
 + Level 4.7 Hexes


You couldn't memorise any spells.
You knew the following spells:

 Your Spells              Type           Power        Failure   Level  Hunger
a - Corona                Hex            ###....      2%          1    #......
b - Ensorcelled Hibernat  Hex/Ice        ##....       14%         2    ##.....
c - Confuse               Hex            ###.....     10%         3    ###....


Dungeon Overview and Level Annotations

Branches:
Dungeon (2/15)

Altars:
Fedhas

Annotations:
D:2 Ijyb


Innate Abilities, Weirdness & Mutations

You heal slowly.
You have razor-sharp teeth.
You have supernaturally acute eyesight.
You can survive without breathing.


Message History

Ijyb zaps a wand.
You resist with some effort. The hobgoblin hits you. The hobgoblin hits you.
Ijyb hits you but does no damage. The hobgoblin hits you.
You can move again.
Unknown command.
Casting: Ensorcelled Hibernation
Confirm with . or Enter, or press ? or * to list all spells.
Aiming: Ensorcelled Hibernation
Press: ? - help, Shift-Dir - straight line, f - hobgoblin
Aim: a hobgoblin (moderately wounded, chance to defeat MR: 79%)
The hobgoblin looks drowsy...
Ijyb zaps a wand.
You suddenly lose the ability to move!
Ijyb hits you with a club. The hobgoblin hits you.
* * * LOW HITPOINT WARNING * * *
Ijyb hits you but does no damage. The hobgoblin hits you.
* * * LOW HITPOINT WARNING * * *
Ijyb hits you with a club.
You die...

....♣♣♣♣ .. .#.#
<....PP♣PP ####.# #.#.#
##.......# ..#.. #....#
.#...###..# #.#.# #.....#
.....#. ## #....#.......
#....#. #.# .........
###....######.# #........
##............###g......#
................@g.......
##..........#####........
##..........# ...?.....
##..........# .##.....#
##....%.....# .. ....#.
##..........# .. ......
###.....##### .## #.....
###..##.# %## #...##..#


You could see Ijyb and a hobgoblin.

Vanquished Creatures
  3 dart slugs (D:1)
  2 giant geckos (D:1)
  3 giant cockroaches (D:1)
  3 hobgoblins (D:1)
  A ball python (D:1)
  4 bats (D:1)
  A giant newt (D:1)
  4 goblins (D:1)
  3 kobolds
  5 rats
29 creatures vanquished.

Notes
Turn   | Place    | Note
--------------------------------------------------------------
     0 | D:1      | KarmaPolice the Vampire Enchanter began the quest for the Orb.
     0 | D:1      | Reached XP level 1. HP: 13/13 MP: 3/3
   357 | D:1      | Reached XP level 2. HP: 11/19 MP: 5/5
   366 | D:1      | Learned a level 2 spell: Ensorcelled Hibernation
   608 | D:1      | Reached skill level 5 in Stealth
  1297 | D:1      | Reached XP level 3. HP: 20/24 MP: 6/6
  1342 | D:1      | Learned a level 3 spell: Confuse
  1626 | D:2      | Found a blossoming altar of Fedhas.
  1653 | D:2      | Noticed Ijyb
  1656 | D:2      | Paralysed by Ijyb for 7 turns
  1665 | D:2      | Paralysed by Ijyb for 4 turns
  1668 | D:2      | Slain by Ijyb

Skill      XL: |  1  2 |
---------------+-------+-----
Stealth        | 5 |  5.0
Short Blades   | 2 |  2.1
Dodging        | |  2.1
Spellcasting   | |  2.4
Hexes          | |  4.7

Action                   || total
-------------------------++-------
Melee: Dagger            ||    87
       Bite              ||    10
 Cast: Ensorcelled Hiber ||     2
 Stab: Sleeping          ||    13
       Distracted        ||     1
  Eat: Corpse            ||     1
Armor: Robe              ||    21
Dodge: Dodged            ||    37
